 Dungeon Crawl Stone Soup version 0.22.1-1-ga44c0e5 (webtiles) character file.

143 dohliylev the Purveyor of Pain (level 5, -1/35 HPs)
             Began as a Mummy Necromancer on Sept 26, 2018.
             Was an Initiate of Kikubaaqudgha.
             Killed from afar by an orc wizard (9 damage)
             ... with a puff of flame
             ... on level 4 of the Dungeon.
             The game lasted 00:13:18 (3090 turns).

dohliylev the Purveyor of Pain (Mummy Necromancer)  Turns: 3090, Time: 00:13:18

Health: -1/35      AC:  4    Str: 12    XL:     5   Next: 4%
Magic:  5/12       EV: 12    Int: 13    God:    Kikubaaqudgha [......]
Gold:   213        SH:  0    Dex: 12    Spells: 5/13 levels left

rFire    x . .     SeeInvis .   m - +1 dagger (venom)
rCold    + . .     Gourm    .   (no shield)
rNeg     + + +     Faith    .   a - +0 robe
rPois    ∞         Spirit   .   (no helmet)
rElec    .         Reflect  .   (no cloak)
rCorr    .         Harm     .   l - +1 pair of gloves
MR       .....                  (no boots)
Stlth    ++........             (no amulet)
HPRegen  0.11/turn              e - ring of flight
MPRegen  0.13/turn              j - -2 ring of intelligence (curse)

@: no status effects
A: no food or potions, fire vulnerability, cold resistance 1, negative energy
resistance 3, torment resistance, unbreathing
a: Renounce Religion, Evoke Flight


You were on level 4 of the Dungeon.
You worshipped Kikubaaqudgha.
Kikubaaqudgha was noncommittal.
You were not hungry.

You visited 1 branch of the dungeon, and saw 4 of its levels.

You collected 213 gold pieces.

Inventory:

Hand Weapons
 m - a +1 dagger of venom (weapon)
Armour
 a - a +0 robe (worn)
 l - a +1 pair of gloves (worn)
Jewellery
 e - a ring of flight (left hand)
 j - a cursed -2 ring of intelligence (right hand)
Scrolls
 b - 2 scrolls of magic mapping
 c - a scroll of fear {unknown}
 d - a scroll of blinking
 f - a scroll of teleportation
 g - a scroll of enchant armour
 h - a scroll of amnesia {unknown}
 i - 3 scrolls of remove curse {unknown}
 k - a scroll of enchant weapon {unknown}


   Skills:
 + Level 1.6 Dodging
 - Level 1.5 Stealth
 + Level 4.9 Spellcasting
 + Level 5.2 Necromancy


You had 5 spell levels left.
You knew the following spells:

 Your Spells              Type           Power        Failure   Level  Hunger
a - Pain                  Necr           ###.         2%          1    N/A
b - Vampiric Draining     Necr           ###.......   6%          3    N/A
c - Animate Dead          Necr           N/A          22%         4    N/A

Your spell library contained the following spells:

 Spells                   Type           Power        Failure   Level  Hunger
 Animate Skeleton         Necr           N/A          2%          1    N/A
 Regeneration             Chrm/Necr      Unusable     N/A         3    N/A

Dungeon Overview and Level Annotations

Branches:
Dungeon (4/15)
 Temple: D:4-7

Altars:
Fedhas
Kikubaaqudgha
Qazlal
Wu Jian
Zin


Innate Abilities, Weirdness & Mutations

You do not eat or drink.
Your flesh is vulnerable to fire.
You are immune to poison.
Your flesh is cold resistant. (rC+)
You are immune to negative energy. (rN+++)
You are immune to unholy pain and torment.
You can survive without breathing.


Message History

The orc hits you with a flail!
* * * LOW HITPOINT WARNING * * *
The orc wizard gestures wildly while chanting.
The orc wizard flickers and vanishes!
Deactivating autopickup; reactivate with Ctrl-A.
The orc closely misses you. The leopard gecko bites you.
* * * LOW HITPOINT WARNING * * *
The orc priest barely misses you. The orc barely misses you.
The leopard gecko misses you. The leopard gecko closely misses you.
The leopard gecko barely misses you.
You see here a worker ant corpse.
The orc priest looks braver for a moment.
Your magical contamination has completely faded away.
The orc wizard shouts!
The orc wizard points at you and mumbles some strange words.
The puff of flame hits you! The fire burns you terribly!
You die...
Kikubaaqudgha rasps: "You have failed me!
Welcome... oblivion!"

#..###.w.####
#.......oo..####
#........_.......#
..............o....#
#......###...###.l.#
#......#E#...#E#...#
#......###...###...#
#.......#..........#
#.......#...@.o....#
#.......#..........#
# #.<#.#..........#
#.##...#..........#
#......#.##########
.....#...#.#
####.#...#.# #
#.#.#.# #.#...#


You could see an air elemental, an orc wizard and 3 orcs.

Vanquished Creatures
  Jessica (D:2)
  A worker ant (D:4)
  5 adders
  A dart slug (D:4)
  A leopard gecko (D:3)
  2 orcs (D:4)
  A ball python (D:4)
  5 giant cockroaches (D:1)
  5 goblins
  3 hobgoblins (D:1)
  7 jackals
  6 frilled lizards
  3 kobolds
  6 rats
47 creatures vanquished.

Vanquished Creatures (collateral kills)
  A goblin (D:3)
  A jackal (D:3)
  A kobold (D:3)
  A rat (D:3)
4 creatures vanquished.

Grand Total: 51 creatures vanquished

Notes
Turn   | Place    | Note
-------+----------+-------------------------------------------
     0 | D:1      | dohliylev the Mummy Necromancer began the quest for the
                  | Orb.
     0 | D:1      | Reached XP level 1. HP: 13/13 MP: 4/4
   205 | D:1      | Reached XP level 2. HP: 16/19 MP: 0/5
  1025 | D:1      | Reached XP level 3. HP: 24/24 MP: 2/7
  1030 | D:1      | Learned a level 3 spell: Vampiric Draining
  1197 | D:2      | Noticed Jessica
  1220 | D:2      | Killed Jessica
  1308 | D:2      | Reached skill level 5 in Necromancy
  1308 | D:2      | Reached XP level 4. HP: 30/30 MP: 3/10
  1314 | D:2      | Learned a level 4 spell: Animate Dead
  1693 | D:2      | Found a glowing silver altar of Zin.
  1767 | D:2      | Found an ornate altar of the Wu Jian Council.
  1770 | D:2      | Found an ancient bone altar of Kikubaaqudgha.
  1776 | D:2      | Found a blossoming altar of Fedhas.
  1783 | D:2      | Became a worshipper of Kikubaaqudgha
  2960 | D:4      | Noticed an air elemental
  2966 | D:4      | Noticed an earth elemental
  2969 | D:4      | Found a stormy altar of Qazlal.
  2970 | D:4      | Noticed a fire elemental
  2970 | D:4      | Noticed a water elemental
  2979 | D:4      | Reached XP level 5. HP: 27/35 MP: 0/12
  3090 | D:4      | Killed from afar by an orc wizard

Skill      XL: |  1  2  3 |
---------------+----------+-----
Spellcasting   | 3 4 |  4.9
Necromancy     | 5 |  5.2
Dodging        | |  1.6
Stealth        | |  1.5

Action                   |  1- 3 |  4- 6 || total
-------------------------+-------+-------++-------
Melee: Unarmed           |     3 |       ||     3
       Dagger            |       |     3 ||     3
 Cast: Pain              |    67 |    41 ||   108
       Animate Dead      |       |     7 ||     7
       Vampiric Draining |       |     1 ||     1
 Abil: Evoke Flight      |       |     1 ||     1
  Use: Scroll            |       |     4 ||     4
Armor: Robe              |     8 |     7 ||    15
Dodge: Dodged            |    26 |    18 ||    44
